[Event "Titled Tuesday Blitz August 15 Late 2023"]
[White "Klukin, Kirill"]
[Black "Kochiev, Ivan"]
[WhiteFideId "24199273"]
[BlackFideId "2917890"]
[WhiteElo "2822"]
[BlackElo "2585"]
[Result "1-0"]
[Round "7"]
[TimeControl "180+1"]
[Date "2023.08.15"]
[WhiteClock "0:00:12"]
[BlackClock "0:00:03"]
[Board "32"]

1. f4 Nf6 2. Nf3 d5 3. g3 Bf5 4. Bg2 h6 5. O-O e6 6. d3 c5 7. Nc3 Nc6 8. e3 Be7 9. Qe2 O-O 10. e4 Bg4 11. Qf2 Bxf3 12. Bxf3 Nd4 13. e5 Nxf3+ 14. Qxf3 Nd7 15. Ne2 b5 16. c3 f6 17. exf6 Nxf6 18. Be3 c4 19. Nd4 Qd7 20. f5 e5 21. Ne6 cxd3 22. Nxf8 Rxf8 23. Rad1 b4 24. Qg2 Qb5 25. g4 e4 26. Kh1 Qa5 27. Bd4 Nh7 28. Qg3 Bf6 29. Qd6 Bxd4 30. cxd4 Nf6 31. Rg1 Qb5 32. g5 hxg5 33. Rxg5 e3 34. Rdg1 Ne8 35. Qe5 Rf7 36. Qxe3 a5 37. b3 Kf8 38. Rh5 Kg8 39. Qh3 Kf8 40. Qh4 Nf6 41. Rh8+ Ng8 42. Qd8+ Qe8 43. Rxg8+ Kxg8 44. Qxe8+ 1-0


[Site "https://www.chess.com"]

[Event "Titled Tuesday Blitz August 15 Late 2023"]
[White "Soderstrom, Adrian"]
[Black "Kuzmicz, Krystian"]
[WhiteFideId "1745786"]
[BlackFideId "1119125"]
[WhiteElo "2570"]
[BlackElo "2799"]
[Result "1-0"]
[Round "7"]
[TimeControl "180+1"]
[Date "2023.08.15"]
[WhiteClock "0:02:00"]
[BlackClock "0:00:46"]
[Board "33"]

1. h4 d5 2. d4 c5 3. e4 dxe4 4. d5 Nf6 5. Nc3 a6 6. a4 e6 7. Bc4 exd5 8. Nxd5 Nc6 9. Bg5 Be7 10. Nxe7 Qxe7 11. Ne2 Bg4 12. Qc1 Ne5 13. Bd5 Nd3+ 14. cxd3 exd3 15. O-O Bxe2 16. Bxf6 Qxf6 17. Qxc5 Rd8 18. Bxb7 Bxf1 19. Bc6+ Rd7 20. Rxf1 Qd6 21. Qxd6 1-0


[Site "https://www.chess.com"]

[Event "Titled Tuesday Blitz August 15 Late 2023"]
[White "Yanchenko, Roman"]
[Black "Leenhouts, Koen"]
[WhiteFideId "4137329"]
[BlackFideId "1008439"]
[WhiteElo "2782"]
[BlackElo "2568"]
[Result "1/2-1/2"]
[Round "7"]
[TimeControl "180+1"]
[Date "2023.08.15"]
[WhiteClock "0:00:23"]
[BlackClock "0:00:08"]
[Board "34"]

1. d4 Nf6 2. Nf3 c5 3. c3 cxd4 4. cxd4 g6 5. Nc3 d5 6. Bf4 a6 7. e3 Nc6 8. Bd3 Bg7 9. O-O Bg4 10. h3 Bxf3 11. Qxf3 O-O 12. Rfc1 Rc8 13. Rab1 Re8 14. Na4 e5 15. dxe5 Nxe5 16. Bxe5 Rxe5 17. Rxc8 Qxc8 18. Rd1 b5 19. Nc3 b4 20. Ne2 Ne4 21. Rc1 Qb7 22. Nd4 Re8 23. Qd1 Bxd4 24. exd4 Qb6 25. Bxe4 Rxe4 26. Rc5 Qe6 27. Rc1 Kg7 28. Qd2 a5 29. Kf1 Qa6+ 30. Kg1 Re2 31. Qf4 Qf6 32. Qxf6+ Kxf6 33. Rc5 Rxb2 34. Rxa5 Ke6 35. Rb5 Rxa2 36. Rxb4 Ra1+ 37. Kh2 Rc1 38. Rb2 Rd1 39. Rb4 h5 40. f3 h4 41. Ra4 g5 42. Rb4 f6 43. g4 Rd2+ 44. Kg1 Rc2 45. Rb6+ Ke7 46. Rb7+ Ke6 47. Rb6+ Ke7 48. Rb5 Kd6 49. Rb6+ Rc6 50. Rb3 Rc4 51. Rd3 Rc2 52. f4 Ke6 53. Re3+ Kf7 54. fxg5 fxg5 55. Re5 Kf6 56. Rxd5 Rc1+ 57. Kg2 Rc2+ 58. Kf3 Rc3+ 59. Ke4 Rxh3 60. Rd6+ Kf7 61. Kf5 Rf3+ 62. Kxg5 h3 63. d5 h2 64. Rh6 Rd3 65. Rh7+ Kg8 66. Rxh2 Rxd5+ 67. Kf6 Rd6+ 68. Kf5 Rd5+ 69. Ke4 Rd8 70. Ra2 Re8+ 71. Kf5 Rf8+ 72. Kg6 Re8 73. Ra6 Rf8 74. g5 Re8 75. Rf6 Rb8 76. Re6 Rc8 77. Kh6 Rd8 78. Rc6 Re8 79. Rg6+ Kh8 80. Ra6 Rd8 81. Kg6 Rg8+ 82. Kf5 Rf8+ 83. Rf6 Rb8 84. Rg6 Rb5+ 85. Kf6 Rb6+ 86. Kf7 Rb7+ 87. Kf8 Rb8+ 88. Ke7 Rb7+ 89. Kf6 Rb6+ 90. Kf5 Rb5+ 91. Kg4 Rb1 92. Ra6 Kg7 93. Kf5 Rf1+ 94. Ke5 Rf7 95. Rb6 Rf8 96. Rc6 Rf7 97. Ke4 Rf8 98. Rb6 Rf7 99. Rh6 Rf8 100. Re6 Rf7 101. Ke5 Rf8 102. Rd6 Rf7 103. Rc6 Rf8 104. g6 Rf1 105. Rb6 Re1+ 106. Kf4 Rf1+ 107. Ke3 Rg1 108. Kd2 Rxg6 109. Rxg6+ Kxg6 1/2-1/2


[Site "https://www.chess.com"]

[Event "Titled Tuesday Blitz August 15 Late 2023"]
[White "Bazeev, German"]
[Black "Shapiro, Viktor"]
[WhiteFideId "24119350"]
[BlackFideId "4175700"]
[WhiteElo "2775"]
[BlackElo "2564"]
[Result "1/2-1/2"]
[Round "7"]
[TimeControl "180+1"]
[Date "2023.08.15"]
[WhiteClock "0:00:06"]
[BlackClock "0:00:11"]
[Board "35"]

1. c4 Nf6 2. Nc3 c5 3. g3 Nc6 4. Bg2 d6 5. a3 a6 6. d3 Bd7 7. e4 e6 8. Nge2 Be7 9. f4 Rb8 10. a4 O-O 11. O-O Ne8 12. Be3 Nc7 13. d4 b6 14. d5 Nb4 15. Qd2 b5 16. axb5 axb5 17. b3 bxc4 18. bxc4 Na8 19. dxe6 fxe6 20. Rfc1 Nb6 21. Nd1 Bc6 22. Nf2 Ra8 23. Bh3 Qd7 24. Rxa8 Rxa8 25. f5 Ra2 26. Qd1 exf5 27. Bxf5 Qe8 28. Be6+ Kh8 29. Nf4 Ba4 30. Qg4 Bf6 31. h4 Bd7 32. h5 Bxe6 33. Nxe6 Rc2 34. Rxc2 Nxc2 35. Bf4 Nxc4 36. Qf5 Nd4 37. Nxd4 Bxd4 38. Kg2 Be5 39. h6 Bxf4 40. hxg7+ Kxg7 41. Qxf4 Qg6 42. Ng4 h5 43. Nf2 Ne5 44. Nd1 Qf6 45. Ne3 Qxf4 46. gxf4 Nf7 47. Kg3 Kg6 48. Kh4 Nh6 49. Nc4 Nf7 50. Ne3 Nd8 51. f5+ Kf6 52. Kxh5 Nf7 53. Ng4+ Ke7 54. Kg6 c4 55. Ne3 Ne5+ 56. Kg7 Kd7 57. Nd5 Ng4 58. f6 Ne5 59. f7 Nxf7 60. Kxf7 Kc6 61. Ke6 Kc5 62. Nc3 Kd4 63. Nb5+ Kxe4 64. Nxd6+ Kd3 65. Nxc4 1/2-1/2


[Site "https://www.chess.com"]

[Event "Titled Tuesday Blitz August 15 Late 2023"]
[White "MFatigue"]
[Black "Stearman, Josiah"]
[BlackFideId "2062496"]
[WhiteElo "2502"]
[BlackElo "2766"]
[Result "1-0"]
[Round "7"]
[TimeControl "180+1"]
[Date "2023.08.15"]
[WhiteClock "0:00:24"]
[BlackClock "0:01:15"]
[Board "36"]

1. e4 c5 2. a3 e5 3. Nc3 Nf6 4. Bc4 a6 5. d3 b5 6. Ba2 Bb7 7. Nf3 Nc6 8. Nd5 h6 9. c4 Bd6 10. h3 b4 11. O-O a5 12. Be3 Nd4 13. axb4 axb4 14. Bxd4 cxd4 15. Bb3 Nxd5 16. exd5 Qc7 17. Rxa8+ Bxa8 18. Qe2 O-O 19. Nd2 f5 20. f4 e4 21. dxe4 Bxf4 22. d6 Be3+ 23. Qxe3 dxe3 24. dxc7 exd2 25. Rxf5 Rc8 26. Rb5 Rxc7 27. Rb8+ Kh7 28. Rxa8 Rxc4 29. Kf2 Rxe4 30. Ra1 Re1 31. Rxe1 1-0


[Site "https://www.chess.com"]

[Event "Titled Tuesday Blitz August 15 Late 2023"]
[White "Morefield, Jason"]
[Black "Nanu, Costica-Ciprian"]
[WhiteFideId "30920825"]
[BlackFideId "1204580"]
[WhiteElo "2747"]
[BlackElo "2549"]
[Result "0-1"]
[Round "7"]
[TimeControl "180+1"]
[Date "2023.08.15"]
[WhiteClock "0:00:02"]
[BlackClock "0:00:17"]
[Board "37"]

1. d4 Nf6 2. c4 e6 3. Nf3 b6 4. g3 Bb4+ 5. Bd2 Be7 6. Bg2 c6 7. O-O d5 8. Bf4 O-O 9. Nc3 Bb7 10. Ne5 Nbd7 11. cxd5 cxd5 12. Rc1 Nxe5 13. Bxe5 a6 14. Qb3 Nd7 15. Bf4 g5 16. Bd2 f5 17. f3 Bf6 18. e4 Bxd4+ 19. Kh1 Nc5 20. Qc2 f4 21. b4 Nd7 22. exd5 exd5 23. gxf4 gxf4 24. Bh3 Ne5 25. Ne2 Be3 26. Bxe3 fxe3 27. Qc3 Qf6 28. Nd4 Nc4 29. Rg1+ Kh8 30. Rg3 Rae8 31. Re1 b5 32. Qd3 Rg8 33. Bf1 Rxg3 34. hxg3 Qg5 35. Kg2 Rg8 36. Nf5 h6 37. Qd4+ Kh7 38. Bd3 Rg6 39. g4 Kg8 40. Nxe3 Nxe3+ 41. Rxe3 Rf6 42. Re8+ Kf7 43. Re5 Qd2+ 44. Kg3 Qc1 45. Qa7 Qf4+ 46. Kh4 Qh2# 0-1


[Site "https://www.chess.com"]

[Event "Titled Tuesday Blitz August 15 Late 2023"]
[White "Haydon, David L"]
[Black "Gurevich, Dmitry"]
[WhiteFideId "415405"]
[BlackFideId "2000407"]
[WhiteElo "2744"]
[BlackElo "2483"]
[Result "1-0"]
[Round "7"]
[TimeControl "180+1"]
[Date "2023.08.15"]
[WhiteClock "0:00:48"]
[BlackClock "0:00:11"]
[Board "38"]

1. d4 d5 2. Nc3 Nf6 3. Bf4 a6 4. e3 e6 5. Nf3 c5 6. dxc5 Bxc5 7. Bd3 Nc6 8. O-O h6 9. h3 O-O 10. e4 d4 11. Ne2 Qe7 12. e5 Nd5 13. Bh2 f5 14. exf6 Qxf6 15. Ng3 Bd6 16. Kh1 Bxg3 17. Bxg3 Nf4 18. Be4 Bd7 19. c3 Rad8 20. cxd4 Be8 21. Qc2 Rc8 22. Qd2 Rd8 23. Rad1 Bh5 24. Qe3 Nxh3 25. d5 Ne7 26. dxe6 Rxd1 27. Rxd1 Ng5 28. Nxg5 Bxd1 29. Nh7 Qxb2 30. Nxf8 1-0


[Site "https://www.chess.com"]

[Event "Titled Tuesday Blitz August 15 Late 2023"]
[White "Lamaze, Simon"]
[Black "KrokerGuy"]
[WhiteFideId "36069264"]
[WhiteElo "2726"]
[BlackElo "2469"]
[Result "1-0"]
[Round "7"]
[TimeControl "180+1"]
[Date "2023.08.15"]
[WhiteClock "0:00:52"]
[BlackClock "0:00:00"]
[Board "39"]

1. c4 e6 2. d4 d5 3. Nf3 Nf6 4. g3 dxc4 5. Bg2 a6 6. O-O Nc6 7. e3 Bd7 8. Qe2 b5 9. b3 cxb3 10. axb3 Be7 11. Nc3 O-O 12. Bb2 Nb4 13. Ne5 Nfd5 14. Ne4 Be8 15. Rfc1 f6 16. Nd3 Bg6 17. Ndc5 Qc8 18. Ba3 c6 19. h4 a5 20. h5 Bxe4 21. Bxe4 a4 22. bxa4 Bxc5 23. Rxc5 Rxa4 24. Bb2 Rxa1+ 25. Bxa1 Qa6 26. Bb2 f5 27. Bf3 Nf6 28. Kg2 Rc8 29. h6 Nd7 30. Rc1 g6 31. Ra1 Qb7 32. Qd2 Nd5 33. Qa5 N7b6 34. Bc1 Ra8 35. Bxd5 Rxa5 36. Bxe6+ Kf8 37. Rxa5 Ke7 38. Bg8 Nc4 39. Bxc4 bxc4 40. Rc5 Qa6 41. e4 fxe4 42. Be3 Kd6 43. Kh3 Qa4 44. Kg4 Qd1+ 45. Kg5 Qf3 46. Bf4+ Kd7 47. Kf6 Qd3 48. Be3 c3 49. Kg7 c2 50. Kxh7 Kd6 51. Kg7 c1=Q 52. h7 Qxc5 53. dxc5+ Kd5 54. h8=Q Kc4 55. Qg8+ Kb5 56. Qf7 Qd5 57. Qf6 Qd7+ 58. Kxg6 Qg4+ 59. Qg5 Qf3 60. Qf5 Qg2 61. Kg5 Kc4 62. Qe5 Kd3 63. Qd4+ Kc2 64. Kf5 Qf3+ 65. Ke5 Qh5+ 66. Kxe4 Qg6+ 67. Ke5 Qg7+ 68. Kd6 Qg6+ 69. Kc7 Kb1 70. Qd6 Qf7+ 71. Kxc6 Qf3+ 72. Kb6 Qe2 73. g4 Qb2+ 74. Kc7 Qg7+ 75. Qd7 Qe5+ 76. Kc8 Qh8+ 77. Kb7 Qb2+ 78. Kc7 Qe5+ 79. Kc8 Qh8+ 80. Qd8 Qe5 81. c6 Ka2 82. c7 Qe6+ 83. Qd7 Qg8+ 84. Kb7 Qb3+ 85. Bb6 Qf3+ 86. Qc6 Qxg4 87. c8=Q 1-0


[Site "https://www.chess.com"]

[Event "Titled Tuesday Blitz August 15 Late 2023"]
[White "Hua, Lefong"]
[Black "Ribeiro, Matheus Mendes Domingues"]
[WhiteFideId "2602253"]
[BlackFideId "324226923"]
[WhiteElo "2709"]
[BlackElo "2467"]
[Result "1-0"]
[Round "7"]
[TimeControl "180+1"]
[Date "2023.08.15"]
[WhiteClock "0:00:27"]
[BlackClock "0:00:01"]
[Board "40"]

1. d4 d5 2. c4 e6 3. Nc3 Nf6 4. cxd5 exd5 5. Bg5 Be6 6. e3 c6 7. Bd3 Nbd7 8. Qc2 h6 9. Bh4 g5 10. Bg3 Nh5 11. Nge2 Nxg3 12. Nxg3 h5 13. O-O Qf6 14. f3 Bd6 15. Nf5 Bxf5 16. Bxf5 Nb6 17. b3 O-O 18. Rad1 Rfe8 19. e4 Bb4 20. e5 Qg7 21. f4 g4 22. Ne2 c5 23. Kh1 c4 24. Qb1 Be7 25. Bc2 Rac8 26. Ng3 Qh8 27. Nf5 c3 28. Nxe7+ Rxe7 29. f5 Qh6 30. f6 Rec7 31. Rd3 Nd7 32. h3 Nf8 33. Kg1 Ne6 34. hxg4 hxg4 35. Qd1 Kf8 36. Qxg4 Ke8 37. Qg8+ Qf8 38. Qxf8+ Nxf8 39. g4 Ne6 40. Kf2 b5 41. Rg1 Kd7 42. g5 Rg8 43. g6 Ke8 44. g7 Nf4 45. Rf3 Ne6 46. Ke3 b4 47. Rh3 Kd7 48. Rh8 Rcc8 49. Rgh1 Nxg7 50. fxg7 Rxg7 51. Bf5+ Ke7 52. Rxc8 1-0


[Site "https://www.chess.com"]

[Event "Titled Tuesday Blitz August 15 Late 2023"]
[White "Papasimakopoulos, Alexandros"]
[Black "Harriott, Tyrell"]
[WhiteFideId "4244125"]
[BlackFideId "2086484"]
[WhiteElo "2706"]
[BlackElo "2452"]
[Result "1-0"]
[Round "7"]
[TimeControl "180+1"]
[Date "2023.08.15"]
[WhiteClock "0:01:55"]
[BlackClock "0:00:10"]
[Board "41"]

1. d4 e6 2. c4 d5 3. Nc3 f5 4. g4 Ne7 5. gxf5 Nxf5 6. cxd5 exd5 7. Nf3 Be7 8. Bf4 O-O 9. e3 Bf6 10. Bd3 c6 11. Qc2 Be7 12. Ne5 Bg5 13. Bxg5 Qxg5 14. O-O-O Kh8 15. h4 Qh6 16. h5 Nxd4 17. Qa4 Nf5 18. Ng6+ Kg8 19. Nxf8 Kxf8 20. Bxf5 Bxf5 21. Qb4+ Kf7 22. Qxb7+ Nd7 23. Qxa8 Qd6 24. Nxd5 cxd5 25. Qxd5+ Qxd5 26. Rxd5 Ke6 27. Rhd1 Nb6 28. Ra5 Bg4 29. Rg1 Bf3 30. Rxg7 Nc4 31. Rc5 Ne5 32. Rxe5+ Kxe5 33. Rxa7 h6 34. Ra6 Bxh5 35. Ra5+ Ke4 36. Rxh5 Kd3 37. Rxh6 Ke4 38. Rh4+ Kd5 39. Rd4+ Kc5 40. f4 Kc6 41. f5 Kc5 42. f6 Kc6 43. f7 Kb5 44. f8=Q Kc6 45. Qe7 Kb5 46. Qe5+ Kc6 47. Rd6+ Kb7 48. Qe7+ 1-0


[Site "https://www.chess.com"]

[Event "Titled Tuesday Blitz August 15 Late 2023"]
[White "Volovich, Vasily"]
[Black "Vafin, Ayrat"]
[WhiteFideId "34169676"]
[BlackFideId "4146530"]
[WhiteElo "2704"]
[BlackElo "2449"]
[Result "1-0"]
[Round "7"]
[TimeControl "180+1"]
[Date "2023.08.15"]
[WhiteClock "0:00:05"]
[BlackClock "0:00:06"]
[Board "42"]

1. e4 e5 2. Nf3 Nf6 3. d4 Nxe4 4. Bd3 d5 5. Nxe5 Nd7 6. Nxd7 Bxd7 7. O-O Bd6 8. c4 c6 9. cxd5 cxd5 10. Nc3 Nxc3 11. bxc3 O-O 12. Qh5 f5 13. Qf3 Bc6 14. Bf4 Qc7 15. Bxd6 Qxd6 16. Rfe1 g6 17. h4 Rae8 18. h5 Rxe1+ 19. Rxe1 Re8 20. Rxe8+ Bxe8 21. Qe3 Bd7 22. h6 f4 23. Qe2 Qe6 24. Qf3 g5 25. Qh5 Qe1+ 26. Kh2 Qe7 27. Qf3 Qd6 28. Qh5 Qe7 29. Be2 Be8 30. Qg4 Qf6 31. Qc8 Qxh6+ 32. Kg1 Qf8 33. Qxb7 Bf7 34. Qxa7 Qe8 35. Qa6 Qb8 36. Qf6 Qb1+ 37. Kh2 Qe4 38. Qxg5+ Kf8 39. Bf3 Qe1 40. Qxf4 Qxf2 41. Qb8+ Kg7 42. Qg3+ Qxg3+ 43. Kxg3 Kf6 44. Kf4 Ke6 45. a4 Bg6 46. a5 Bd3 47. Kg5 Kd6 48. Kh6 Kc6 49. a6 Bxa6 50. Kxh7 Bd3+ 51. Kh6 Bc4 52. g4 Kd6 53. g5 Ke7 54. g6 Kf6 55. g7 Bd3 56. g8=Q 1-0


[Site "https://www.chess.com"]

[Event "Titled Tuesday Blitz August 15 Late 2023"]
[White "Djordjevic, Vuk"]
[Black "Blackburn, Jonathan L B"]
[WhiteFideId "902098"]
[BlackFideId "1801090"]
[WhiteElo "2701"]
[BlackElo "2425"]
[Result "1-0"]
[Round "7"]
[TimeControl "180+1"]
[Date "2023.08.15"]
[WhiteClock "0:00:48"]
[BlackClock "0:00:00"]
[Board "43"]

1. d4 Nf6 2. Bg5 c5 3. Bxf6 exf6 4. Nc3 d5 5. e3 Nc6 6. Nge2 Be6 7. g3 c4 8. Bg2 Bb4 9. O-O O-O 10. a3 Ba5 11. b4 cxb3 12. cxb3 a6 13. b4 Bc7 14. Qb3 Ne7 15. b5 Qd6 16. Nf4 Rfd8 17. Rfc1 Ba5 18. Na4 axb5 19. Nc5 b6 20. Nb7 Qd7 21. Nxd8 Rxd8 22. Rab1 Bf5 23. Rb2 Be4 24. Qxb5 Bxg2 25. Qxd7 Rxd7 26. Kxg2 g6 27. Rb5 Kf8 28. Nd3 Ke8 29. Rc2 Kd8 30. Nc1 Nc8 31. Rb1 Nd6 32. Rc6 f5 33. Nb3 Nc4 34. Nxa5 bxa5 35. Rb5 Ke7 36. a4 h6 37. h3 h5 38. Rbc5 Rd6 39. Rxd6 Kxd6 40. Kf3 Ke6 41. Ke2 Kd6 42. Kd3 Nb2+ 43. Kd2 Nxa4 44. Rxa5 Nb6 45. Kc3 Nc4 46. Ra6+ Ke7 47. Rc6 Nd6 48. f3 g5 49. Kd3 g4 50. Rc1 gxf3 51. Rf1 Ke6 52. Rxf3 Ne4 53. Ke2 Ng5 54. Rf1 Nxh3 55. Rh1 Ng5 56. Rxh5 Ne4 57. Rh6+ f6 58. Kf3 Nd2+ 59. Kf4 Ne4 60. Rh5 Nf2 61. Rxf5 Nd3+ 62. Kg4 Ne1 63. Rf2 Nd3 64. Rd2 Nb4 65. Rb2 Nd3 66. Rb6+ Kf7 67. Kf5 1-0


[Site "https://www.chess.com"]

[Event "Titled Tuesday Blitz August 15 Late 2023"]
[White "Korchmar, Vasiliy"]
[Black "Delorme, Laurie"]
[WhiteFideId "24131750"]
[BlackFideId "630829"]
[WhiteElo "2692"]
[BlackElo "2327"]
[Result "0-1"]
[Round "7"]
[TimeControl "180+1"]
[Date "2023.08.15"]
[WhiteClock "0:00:00"]
[BlackClock "0:00:06"]
[Board "44"]

1. e4 c5 2. d4 cxd4 3. Qxd4 Nc6 4. Qd3 Nf6 5. Nc3 d6 6. Nf3 e6 7. Bf4 Be7 8. O-O-O e5 9. Bg5 Be6 10. Bxf6 gxf6 11. Nd5 Rc8 12. a3 a6 13. Kb1 b5 14. c3 Na5 15. Qe3 Nc4 16. Bxc4 Rxc4 17. Rd2 Rg8 18. g3 Rg4 19. Nxe7 Kxe7 20. Rhd1 Rgxe4 21. Qa7+ Qc7 22. Qxa6 Rc6 23. Qa8 Rec4 24. Nh4 d5 25. Rxd5 Bxd5 26. Rxd5 Ke6 27. Rd2 Qe7 28. Qg8 Rd6 29. Re2 Rd1+ 30. Kc2 Qd7 31. Qxh7 Qd5 32. Qf5+ Ke7 33. f4 Ra1 34. Rd2 Qe4+ 35. Qxe4 Rxe4 36. Nf5+ Ke6 37. Ng7+ Ke7 38. Nh5 Ree1 39. fxe5 fxe5 40. g4 f6 41. Ng3 e4 42. Nf5+ Ke6 43. Rd6+ Ke5 44. Rd8 Re2+ 45. Kb3 Rb1 46. Re8+ Kf4 47. Kb4 Rexb2+ 48. Kc5 Rb3 49. Nd4 Rxc3+ 50. Kd5 Rd1 51. Rxe4+ Kg5 0-1


[Site "https://www.chess.com"]

[Event "Titled Tuesday Blitz August 15 Late 2023"]
[White "Troff, Kayden"]
[Black "Silvestre, Christian"]
[WhiteFideId "2047896"]
[BlackFideId "30956269"]
[WhiteElo "2761"]
[BlackElo "2386"]
[Result "1/2-1/2"]
[Round "7"]
[TimeControl "180+1"]
[Date "2023.08.15"]
[WhiteClock "0:00:08"]
[BlackClock "0:00:20"]
[Board "45"]

1. d4 Nf6 2. Nf3 d6 3. Bg5 g6 4. Bxf6 exf6 5. g3 f5 6. Bg2 Bg7 7. O-O O-O 8. e3 Bd7 9. c4 Bc6 10. Nc3 Bxf3 11. Bxf3 c6 12. b4 Nd7 13. b5 Rc8 14. bxc6 bxc6 15. Rb1 c5 16. Nb5 cxd4 17. Nxd6 Rb8 18. exd4 Rxb1 19. Qxb1 Bxd4 20. Rd1 Ne5 21. Bd5 Qxd6 22. Rxd4 Nf3+ 23. Bxf3 Qxd4 24. Bd5 Qb6 25. Qe1 Qc5 26. Qe5 Qc8 27. Qe7 a5 28. c5 Qd8 29. Qb7 Qb8 30. Qe7 Qd8 31. Qb7 Kg7 32. Kg2 Qc8 33. Qb2+ Kg8 34. c6 Qc7 35. Qf6 Rb8 36. h4 h5 37. Qd4 Rd8 38. Qc4 Rd6 39. Qc5 Kg7 40. Bf3 Re6 41. Qc3+ Kg8 42. Qc4 Re5 43. Qd4 Re7 44. Qf6 Re6 45. Qc3 Re5 46. Qd4 Re7 47. Bd5 Re5 48. Qc4 Kg7 49. Qc3 Kg8 50. Bf3 Re6 51. Qc5 Re5 52. Qc4 Kg7 53. Qd4 Kg8 54. Qc3 Re7 55. Bd5 Re5 56. Qc4 Kg7 57. Kh2 Kg8 58. Kg2 1/2-1/2


[Site "https://www.chess.com"]

[Event "Titled Tuesday Blitz August 15 Late 2023"]
[White "subham777"]
[Black "Matinian, Nikita"]
[BlackFideId "24129100"]
[WhiteElo "2539"]
[BlackElo "2713"]
[Result "0-1"]
[Round "7"]
[TimeControl "180+1"]
[Date "2023.08.15"]
[WhiteClock "0:00:00"]
[BlackClock "0:00:48"]
[Board "46"]

1. e4 d6 2. d4 g6 3. Nc3 a6 4. Be3 b5 5. a3 Bg7 6. Qd2 Nd7 7. g3 Rb8 8. Bg2 c5 9. dxc5 dxc5 10. Rd1 b4 11. axb4 cxb4 12. Nd5 Bxb2 13. Ne2 Ngf6 14. Bf4 Nxd5 15. Bxb8 Nc3 16. Be5 Nxd1 17. Bxh8 Bxh8 18. Qxd1 Nc5 19. Qb1 a5 20. O-O Ba6 21. Rd1 Qb6 22. Nf4 e6 23. Qa2 a4 24. Bf1 Bb7 25. Nd3 b3 26. cxb3 axb3 27. Qa3 Nxe4 28. Rb1 Nd2 29. Rb2 Bxb2 30. Qxb2 Nf3+ 31. Kh1 Nd4+ 32. Kg1 Qc6 33. f3 Nxf3+ 34. Kf2 Qb6+ 0-1


[Site "https://www.chess.com"]

[Event "Titled Tuesday Blitz August 15 Late 2023"]
[White "Martin Barcelo, Carles"]
[Black "Leiva, Gianmarco"]
[WhiteFideId "24561444"]
[BlackFideId "3804399"]
[WhiteElo "2530"]
[BlackElo "2700"]
[Result "0-1"]
[Round "7"]
[TimeControl "180+1"]
[Date "2023.08.15"]
[WhiteClock "0:00:00"]
[BlackClock "0:00:08"]
[Board "47"]

1. e4 c6 2. Nf3 d5 3. Nc3 dxe4 4. Nxe4 Nf6 5. Qe2 Na6 6. c3 Nxe4 7. Qxe4 Qd5 8. Qxd5 cxd5 9. d4 Nc7 10. Bd3 b6 11. Bf4 Ba6 12. Bc2 Ne6 13. Be5 f6 14. Bg3 Kf7 15. h4 g6 16. h5 Bh6 17. Nd2 Rac8 18. Bb3 Rcd8 19. O-O-O Nxd4 20. cxd4 Bd3 21. Rde1 e6 22. Kd1 Rc8 23. f4 g5 24. fxg5 Bxg5 25. Bh4 Rhg8 26. Bxg5 Rxg5 27. Re3 Bf5 28. g3 Bg4+ 29. Nf3 Rcg8 30. Kd2 Rxh5 31. Rxh5 Bxh5 32. Nh4 Rg5 33. Ke1 Ke7 34. Kf2 Kd6 35. Nf3 Rg8 36. Ne1 Be8 37. Nd3 Bd7 38. Nf4 a5 39. a3 b5 40. Bc2 h6 41. Re2 b4 42. axb4 axb4 43. Re1 Ra8 44. Bd3 Ra2 45. Re2 e5 46. Nh5 Bg4 47. Rd2 Bxh5 48. dxe5+ fxe5 49. Bc4 Ra5 50. b3 Bf7 51. Ke3 Be6 52. Be2 Ra3 53. Bd1 d4+ 54. Ke4 Bd5+ 55. Kf5 Be6+ 56. Kf6 Bxb3 57. Rd3 Bxd1 0-1


[Site "https://www.chess.com"]

[Event "Titled Tuesday Blitz August 15 Late 2023"]
[White "Castella Garcia, Fausto"]
[Black "Dourerassou, Jonathan"]
[WhiteFideId "3501922"]
[BlackFideId "628050"]
[WhiteElo "2510"]
[BlackElo "2667"]
[Result "0-1"]
[Round "7"]
[TimeControl "180+1"]
[Date "2023.08.15"]
[WhiteClock "0:00:00"]
[BlackClock "0:00:13"]
[Board "48"]

1. e4 c5 2. Nf3 d6 3. d4 cxd4 4. Nxd4 Nf6 5. Nc3 g6 6. f4 Bg7 7. e5 dxe5 8. fxe5 Ng4 9. Bb5+ Nc6 10. Nxc6 Qxd1+ 11. Nxd1 a6 12. Ba4 Bd7 13. h3 Nh6 14. Nxe7 Bxa4 15. Nd5 Rd8 16. N1c3 Bc6 17. Nf6+ Bxf6 18. exf6 Nf5 19. O-O O-O 20. g4 Nd4 21. Bh6 Rfe8 22. Rad1 Nxc2 23. Rxd8 Rxd8 24. Rf2 Nd4 25. Kh2 Nf3+ 26. Kg3 Rd3 27. Kf4 Nd4 28. h4 Nf3 29. Bg5 Kf8 30. Re2 Rd4+ 31. Kg3 Nxg5 32. hxg5 Rd3+ 33. Kf4 Rd4+ 34. Kg3 Bd7 35. Re4 Rd3+ 36. Kf4 Be6 37. a3 Ke8 38. Ne2 Rd2 39. Nd4 Kd7 40. b4 Bd5 41. Re5 Kd6 42. Re8 Rxd4+ 0-1


[Site "https://www.chess.com"]

[Event "Titled Tuesday Blitz August 15 Late 2023"]
[White "Peycheva, Gergana"]
[Black "Goltsev, Dmitry"]
[WhiteFideId "2916711"]
[BlackFideId "24176710"]
[WhiteElo "2513"]
[BlackElo "2640"]
[Result "1-0"]
[Round "7"]
[TimeControl "180+1"]
[Date "2023.08.15"]
[WhiteClock "0:00:10"]
[BlackClock "0:00:02"]
[Board "49"]

1. d4 f5 2. g3 Nf6 3. Bg2 h6 4. e4 d6 5. exf5 c6 6. g4 e6 7. fxe6 Bxe6 8. h3 Na6 9. Ne2 Qa5+ 10. c3 O-O-O 11. O-O g5 12. b3 h5 13. f3 hxg4 14. fxg4 Nxg4 15. hxg4 Bxg4 16. Qd3 Be7 17. Ng3 Nc7 18. b4 Qb6 19. a4 Nd5 20. a5 Qc7 21. a6 b6 22. Qe4 Rh4 23. Nf5 Rdh8 24. Nxh4 Rxh4 25. Qg6 Qd7 26. Bxg5 Bxg5 27. Qxg5 Rh8 28. Bxd5 Be6 29. Bxe6 Qxe6 30. Qf5 Rg8+ 31. Kh2 Rh8+ 32. Kg3 Rg8+ 33. Kf4 Qxf5+ 34. Kxf5 Rf8+ 35. Ke4 Rxf1 36. Kd3 Kd7 37. Kc2 d5 38. Ra3 Rf2+ 39. Nd2 Kd6 40. Kd3 b5 41. Ra1 Kc7 42. Rh1 Kb6 43. Rh7 Kxa6 44. Nb3 Rf3+ 45. Kc2 Rf2+ 46. Kb1 Rf1+ 47. Kb2 Rf2+ 48. Ka3 Kb6 49. Nc5 a5 50. Rb7# 1-0


[Site "https://www.chess.com"]

[Event "Titled Tuesday Blitz August 15 Late 2023"]
[White "Janaszak, Dawid"]
[Black "Valenzuela Gomez, Fernando"]
[WhiteFideId "1119206"]
[BlackFideId "3409392"]
[WhiteElo "2504"]
[BlackElo "2631"]
[Result "0-1"]
[Round "7"]
[TimeControl "180+1"]
[Date "2023.08.15"]
[WhiteClock "0:00:00"]
[BlackClock "0:00:38"]
[Board "50"]

1. e4 d6 2. Nc3 Nf6 3. g3 d5 4. exd5 Nxd5 5. Bg2 Nxc3 6. bxc3 g6 7. Nf3 Bg7 8. O-O O-O 9. d4 c5 10. Re1 Nc6 11. Bg5 h6 12. Be3 Bg4 13. h3 Bxf3 14. Qxf3 cxd4 15. cxd4 Nxd4 16. Bxd4 Qxd4 17. Rab1 e6 18. Rxb7 Rac8 19. Rd1 Qf6 20. Rxa7 Rxc2 21. Qxf6 Bxf6 22. a4 Bd8 23. Rb7 Ra2 24. Rd4 Bf6 25. Rf4 Kg7 26. Bc6 Rc8 27. Bd7 Rc1+ 28. Kg2 Re1 29. Be8 Bc3 30. Rbxf7+ Kh8 31. Rf8+ Kh7 32. R8f7+ Bg7 33. Rc4 Kg8 34. Rcc7 Bd4 35. Rcd7 Rd1 36. Rd8 Rdd2 37. g4 Rxf2+ 38. Rxf2 Rxf2+ 39. Kg3 Rd2 40. Bxg6+ Kg7 41. Kf3 Kxg6 42. Ke4 e5 43. h4 Re2+ 44. Kf3 Re3+ 45. Kg2 Ra3 46. Rd6+ Kg7 47. h5 Rxa4 48. Kf3 Ra3+ 49. Ke4 Re3+ 50. Kf5 Rf3+ 51. Ke6 Rf6+ 0-1


[Site "https://www.chess.com"]

[Event "Titled Tuesday Blitz August 15 Late 2023"]
[White "SmirnovAlexandrA"]
[Black "szachmistrz2500"]
[WhiteElo "2621"]
[BlackElo "2498"]
[Result "1-0"]
[Round "7"]
[TimeControl "180+1"]
[Date "2023.08.15"]
[WhiteClock "0:00:27"]
[BlackClock "0:00:35"]
[Board "51"]

1. e4 c5 2. Nf3 e6 3. g3 a6 4. Bg2 Nc6 5. O-O Nf6 6. e5 Ng4 7. Re1 Qc7 8. Qe2 f6 9. d4 cxd4 10. exf6 Nxf6 11. c3 Bd6 12. cxd4 O-O 13. Nc3 Nb4 14. a3 Nbd5 15. Bd2 b6 16. Rac1 Qd8 17. Ne5 Bb7 18. Ne4 Nxe4 19. Bxe4 Bxe5 20. dxe5 Qe7 21. Bxd5 Bxd5 22. Bb4 Qf7 23. Bxf8 Bf3 24. Qe3 Rxf8 25. Rc3 Qh5 26. Qxb6 Bd5 27. Rd3 Bc6 28. Qxa6 Rf3 29. Red1 h6 30. Rxd7 Rxf2 31. Rd8+ Kh7 32. Kxf2 Qxh2+ 33. Ke3 Qxg3+ 34. Kd4 Qf4+ 35. Kc5 Bf3 36. Qd3+ Be4 37. Qd4 Bf5 38. Qxf4 1-0


[Site "https://www.chess.com"]